 Dungeon Crawl Stone Soup version 0.26-a0-651-gb41185065b (webtiles) character file.

Game seed: 16388165920038511686

326 loralnil the Insei (level 6, -1/32 HPs)
             Began as a Vine Stalker Transmuter on Oct 7, 2020.
             Killed by nerve-wracking pain
             ... invoked by Grinder
              (3 damage)
             ... on level 3 of the Dungeon.
             The game lasted 00:05:19 (2329 turns).

loralnil the Insei (Vine Stalker Transmuter)        Turns: 2329, Time: 00:05:19

Health: -1/32      AC:  2    Str: 19    XL:     6   Next: 49%
Magic:  0/12       EV: 13    Int: 14    God:
Gold:   151        SH:  0    Dex: 15    Spells: 5/11 levels left

rFire    . . .     SeeInvis .     - Unarmed
rCold    . . .     Faith    .   (no shield)
rNeg     . . .     Spirit   +   a - +0 robe
rPois    .         Reflect  .   (helmet currently unavailable)
rElec    .         Harm     .   (no cloak)
rCorr    .         Rampage  .   (no gloves)
MR       .....                  (boots currently unavailable)
Stlth    +.........             (no amulet)
HPRegen  0.50/turn              d - +6 ring of strength
MPRegen  0.13/turn              (no ring)

@: lethally poisoned (-1 -> -2), appendages (expiring), wereblooded
A: fangs 2, horns 2, talons 2, regeneration 1, magic shield, antimagic bite, no
potion heal 3, rot immunity
a: End Transformation


You were on level 3 of the Dungeon.
You had grown temporary horns.
You had grown temporary talons.
You visited 1 branch of the dungeon, and saw 3 of its levels.

You collected 151 gold pieces.

Inventory:

Armour
 a - a +0 robe (worn)
Magical Staves
 f - an uncursed staff of conjuration
Jewellery
 d - a +6 ring of strength (left hand)
 g - an uncursed amulet of faith
Scrolls
 b - 2 scrolls of enchant weapon
 c - 4 scrolls of remove curse
 i - 4 scrolls of teleportation
 j - a scroll of magic mapping
 k - 2 scrolls of identify
 l - a scroll of fear {unknown}
Potions
 e - 3 potions of curing
 h - a potion of brilliance


   Skills:
 + Level 2.5 Fighting
 + Level 2.6 Dodging
 + Level 4.0 Unarmed Combat
 + Level 3.4 Spellcasting
 + Level 3.3 Transmutations
 + Level 1.4 Poison Magic


You had 5 spell levels left.
You knew the following spells:

 Your Spells              Type           Power        Failure   Level
a - Beastly Appendage     Tmut           ##....       5%          1
b - Wereblood             Tmut           ##......     8%          2
c - Spider Form           Tmut/Pois      #.........   22%         3

Your spell library contained the following spells:

 Spells                   Type           Power        Failure   Level
 Ice Form                 Ice/Tmut       #.......     71%         4
 Blade Hands              Tmut           ##........   82%         5


Dungeon Overview and Level Annotations

Branches:
Dungeon (3/15)

Altars:

Annotations:
D:3 Grinder


Innate Abilities, Weirdness & Mutations

You have extremely sharp teeth.
Your natural rate of healing is unusually fast.
When hurt, damage is shared between your health and your magic reserves.
Your bite disrupts and absorbs the magic of your enemies.
Potions cannot restore your health.
You are immune to rotting.
You have a pair of horns on your head.
You have razor-sharp toenails.


Message History

You barely miss Grinder. You claw Grinder.
Grinder is lightly wounded.
Grinder grins, showing sharp teeth.
Grinder gestures at you. Pain shoots through your body!
You hit Grinder but do no damage. Your bite misses Grinder.
Grinder is lightly wounded.
You howl as the wereblood boils in your veins!
Grinder hits you!
* * * LOW HITPOINT WARNING * * *
You writhe in agony.
* * * LOW HITPOINT WARNING * * *
Okay, then.
* * * LOW HITPOINT WARNING * * *
You feel sick.
You howl as the wereblood boils in your veins!
Your transformation is almost over.
Grinder gestures at you. Pain shoots through your body!
You die...

#.# #.# #..# #.# #.#
#..# #.# #.# #..#
#.########.# #..##
#.##.......# #<#.#
##.##...##### #.#.##
##........# #....##
..........# #.....###
##........######@.......
###.#.(......5......###
#.#.########.....##
#.#.# #......##
#.#.######.#..###
#..........#.....
###.####...........
#......>.........
##...............


You could see Grinder.

Vanquished Creatures
  Sigmund (D:3)
  A scorpion (D:1)
  An orc wizard (D:3)
  A gnoll (D:1)
  An adder (D:3)
  An ooze (D:1)
  A worm (D:2)
  A dart slug (D:2)
  A leopard gecko (D:2)
  7 orcs (D:3)
  5 bats
  7 giant cockroaches
  6 goblins
  8 hobgoblins
  3 quokkas (D:3)
  A ball python (D:3)
  2 frilled lizards
  10 kobolds
  10 rats
68 creatures vanquished.

Notes
Turn   | Place    | Note
-------+----------+-------------------------------------------
     0 | D:1      | loralnil the Vine Stalker Transmuter began the quest for
                  | the Orb.
     0 | D:1      | Reached XP level 1. HP: 9/9 MP: 4/4
    35 | D:1      | Reached skill level 1 in Fighting
   127 | D:1      | Reached XP level 2. HP: 14/14 MP: 4/6
   168 | D:1      | Learned a level 2 spell: Wereblood
   408 | D:1      | Reached XP level 3. HP: 15/18 MP: 7/7
  1186 | D:2      | Noticed a scorpion
  1196 | D:1      | Killed a scorpion
  1196 | D:1      | Gained mutation: Your natural rate of healing is unusually
                  | fast. [Vine Stalker growth]
  1196 | D:1      | Reached XP level 4. HP: 9/23 MP: 4/9
  1263 | D:2      | Learned a level 3 spell: Spider Form
  1811 | D:3      | Reached XP level 5. HP: 14/26 MP: 10/10
  2016 | D:3      | Noticed Sigmund
  2025 | D:3      | Killed Sigmund
  2025 | D:3      | Reached skill level 1 in Poison Magic
  2025 | D:3      | Reached XP level 6. HP: 29/32 MP: 7/12
  2127 | D:3      | Reached skill level 4 in Unarmed Combat
  2299 | D:3      | Noticed Grinder
  2326 | D:3      | HP: 1/32 [Grinder (4)]
  2329 | D:3      | Killed from afar by Grinder

Illustrated notes

Levels and vault maps discovered:
D:1:      dpeg_arrival_windows_large_door, layout_loops_corners,
          serial_park_tiny_1, chequers_serial_rivers_micro_b, minmay_hexomino_p4
D:2:      layout_basic
D:3:      layout_loops_ring, mrwooster_statue_mirror, grunt_ministairs_10,
          uniq_grinder, uniq_sigmund

Skill      XL: |  1  2  3  4  5  6 |
---------------+-------------------+-----
Fighting       | 1 2 |  2.5
Dodging        | 2 |  2.6
Spellcasting   | 3 |  3.4
Transmutations | 3 |  3.3
Poison Magic   | 1 |  1.4
Unarmed Combat | 4 |  4.0

Action                   |  1- 3 |  4- 6 || total
-------------------------+-------+-------++-------
Melee: Unarmed           |    60 |    74 ||   134
       Kick              |    15 |    19 ||    34
       Headbutt          |    10 |     9 ||    19
       Bite              |    10 |    12 ||    22
       Punch             |       |     1 ||     1
 Cast: Beastly Appendage |    15 |    24 ||    39
       Wereblood         |     1 |     4 ||     5
       Spider Form       |       |     1 ||     1
  Use: Scroll            |       |     6 ||     6
 Stab: Sleeping          |     5 |     2 ||     7
Armor: Robe              |     3 |     8 ||    11
Dodge: Dodged            |    35 |    45 ||    80

Table legend: (Time is in decaauts)
 A = Elapsed time spent in this place.
 B = Non-inter-level travel time spent in this place.
 C = Inter-level travel time spent in this place.
 D = Time resting spent in this place.
 E = Time spent auto-exploring this place.
 F = Levels seen in this place.
 G = Mean time per level.
                   A        B        C        D        E       F      G
               +--------+--------+--------+--------+--------+-----+--------+
         Total |   2321 |   2282 |     39 |     67 |   1754 |   3 |  773.7 |
       Dungeon |   2321 |   2282 |     39 |     67 |   1754 |   3 |  773.7 |
               +--------+--------+--------+--------+--------+-----+--------+

Top non-repeatable levels by time:
     D:1: 1247 daAuts
     D:2: 552 daAuts
     D:3: 521 daAuts
